 Dungeon Crawl Stone Soup version 0.22-a0-855-g415d086bb8 (webtiles) character file.

1 pottolama the Magician (level 1, -2/13 HPs)
             Began as a Demonspawn Wanderer on July 27, 2018.
             Slain by a goblin
             ... wielding a +0 club
              (4 damage)
             ... on level 1 of the Dungeon.
             The game lasted 00:01:11 (60 turns).

pottolama the Magician (Demonspawn Wanderer)          Turns: 60, Time: 00:01:12

Health: -2/13      AC:  2    Str: 10    XL:     1   Next: 16%
Magic:  4/4        EV: 11    Int: 15    God:
Gold:   15         SH:  0    Dex: 12    Spells: 6/6 levels left

rFire    . . .     SeeInvis .   e - +0 dagger
rCold    . . .     Gourm    .   (no shield)
rNeg     . . .     Faith    .   d - +0 robe
rPois    .         Spirit   .   (no helmet)
rElec    .         Reflect  .   (no cloak)
rCorr    .         Harm     .   (no gloves)
MR       .....                  (no boots)
Stlth    +.........             (no amulet)
HPRegen  0.04/turn              (no ring)
MPRegen  0.09/turn              (no ring)

@: no status effects
A: no striking features
a: no special abilities


You were on level 1 of the Dungeon.
You were not hungry.

You visited 1 branch of the dungeon, and saw 1 of its levels.

You collected 15 gold pieces.

Inventory:

Hand Weapons
 e - a +0 dagger (weapon)
Armour
 d - a +0 robe (worn)
Scrolls
 a - a scroll of amnesia {unknown}
Comestibles
 f - a ration


   Skills:
 * Level 0.2 Fighting
 + Level 0.1 Short Blades
   Level 1.0 Shields
 - Level 3.0 Spellcasting
   Level 2.0 Hexes
   Level 1.0 Charms
   Level 1.7 Transmutations
   Level 1.0 Evocations


You had 6 spell levels left.
You didn't know any spells.
Your spell library contained the following spells:

 Spells                   Type           Power        Failure   Level  Hunger
 Magic Dart               Conj           #...         21%         1    #......
 Conjure Flame            Conj/Fire      #.......     52%         3    ###....
 Slow                     Hex            #.......     13%         2    ##.....
 Mephitic Cloud           Conj/Pois/Air  #.......     52%         3    ###....
 Blink                    Tloc           N/A          30%         2    ##.....
 Call Imp                 Summ           #.......     30%         2    ##.....
 Sting                    Conj/Pois      #...         21%         1    #......
 Passwall                 Tmut/Erth      #.......     22%         2    ##.....
 Sticks to Snakes         Tmut           #.......     14%         2    ##.....


Dungeon Overview and Level Annotations

Branches:
Dungeon (1/15)

Altars:


Message History

You hit the kobold but do no damage. The kobold barely misses you.
You closely miss the kobold. The kobold barely misses you.
You hit the kobold but do no damage. The kobold closely misses you.
You closely miss the kobold. The kobold hits you but does no damage.
You hit the kobold but do no damage. The kobold hits you with a whip.
You closely miss the kobold. The kobold hits you with a whip.
* * * LOW HITPOINT WARNING * * *
You barely miss the kobold. The kobold barely misses you.
You hit the kobold but do no damage. The kobold hits you but does no damage.
Okay, then.
You hit the kobold.
The kobold is severely wounded.
The kobold closely misses you.
You hit the kobold.
You kill the kobold!
The goblin throws a stone.
The stone closely misses you.
You see here a stone.
The goblin throws a stone.
The stone misses you. The goblin hits you with a club.
You die...

♣.................#
.................##
....♣.....8......#
......(........#∩##
.............♣###.#
.............###(.#
.............#.#.##
#.<......♣..♣#.#(#
##...........#.#@#
##..♣....♣.##.#g#
###########....#
#..### #..#
#......# #......g.
#.######. #.#


You could see a goblin.

Vanquished Creatures
  2 kobolds (D:1)
2 creatures vanquished.

Notes
Turn   | Place    | Note
-------+----------+-------------------------------------------
     0 | D:1      | pottolama the Demonspawn Wanderer began the quest for the Orb.
     0 | D:1      | pottolama set off with: a +0 robe, a +0 dagger, a ration
     0 | D:1      | Reached XP level 1. HP: 13/13 MP: 4/4
    60 | D:1      | Slain by a goblin

Vault maps used:
D:1:      nzn_arrival_settlement, minmay_surrounded

Action                   || total
-------------------------++-------
Melee: Dagger            ||    18
Armor: Robe              ||     3
Dodge: Dodged            ||    11

Table legend:
 A = Spawn XP
 B = Non-spawn XP
 C = Spawn XP percentage of total XP
 D = Spawn monster count
 E = Non-spawn monster count
 F = Spawn count percentage of total count
 G = Total turns spent on level
                    A         B        C        D         E        F      G
               +---------+---------+-------+---------+---------+-------+---------
         Total |       0 |       2 |   0.0 |       0 |       2 |   0.0 |    60
               +---------+---------+-------+---------+---------+-------+---------
           D:1 |       0 |       2 |   0.0 |       0 |       2 |   0.0 |    60
               +---------+---------+-------+---------+---------+-------+---------
